 Dungeon Crawl Stone Soup version 0.32-a0-576-g706899e69d (webtiles) character file.

Game seed: 6703708053572446496

240 cforsyth the Grave Robber (level 5, -11/46 HPs)
             Began as a Mountain Dwarf Necromancer on Mar 2, 2024.
             Mangled by Menkaure (17 damage)
             ... on level 4 of the Dungeon.
             The game lasted 00:05:18 (3706 turns).

cforsyth the Grave Robber (MDNe)                    Turns: 3706, Time: 00:05:19

Health: -11/46     AC:  8    Str: 11    XL:     5   Next: 79%
Magic:  7/7        EV:  5    Int: 17    God:
Gold:   129        SH:  0    Dex: 10    Spells: 6/7 levels left

rFire   . . .        i - +2 dagger (venom)
rCold   . . .        (no shield)
rNeg    . . .        k - +0 chain mail
rPois   .            (no helmet)
rElec   .            (no cloak)
rCorr   .            (no gloves)
SInv    .            (no boots)
Will    .....        h - amulet of magic regeneration Stlth
                     (no ring)
HPRegen 0.27/turn    (no ring)
MPRegen 0.50/turn

%: no passive effects
@: no status effects
A: runic magic, artefact enchanting
a: no special abilities


You were on level 4 of the Dungeon.
You visited 1 branch of the dungeon, and saw 4 of its levels.

You collected 129 gold pieces.


Innate Abilities, Weirdness & Mutations

Your spellcasting is much less encumbered by armour.
You can use scrolls of enchantment on lesser artefacts.


   Skills:
 + Level 4.3 Fighting
 - Level 1.3 Dodging
 - Level 1.4 Stealth
 - Level 1.7 Spellcasting
 + Level 6.3 Necromancy


You had 6 spell levels left.
You knew the following spells:

 Your Spells              Type           Power      Damage    Failure   Level
X - Necrotise             Necr           92%        1d8       3%          1

Your spell library contained the following spells:

 Spells                   Type           Power      Damage    Failure   Level
 Fugue of the Fallen      Necr           23%        N/A       11%         3
 Vampiric Draining        Necr           23%        2d7       11%         3
 Animate Dead             Necr           23%        N/A       34%         4
 Ensorcelled Hibernation  Hex/Ice        2%         N/A       58%         2
 Curse of Agony           Necr           23%        N/A       69%         5
 Anguish                  Hex/Necr       6%         N/A       78%         4
 Summon Ice Beast         Ice/Summ       1%         N/A       82%         3
 Volatile Blastmotes      Fire/Tloc      2%         2d10      82%         3
 Fulminant Prism          Conj/Alch      0%         3d5       99%         4
 Iskenderun's Mystic Bla  Conj/Tloc      1%         2d3       99%         4
 Vhi's Electric Charge    Tloc/Air       2%         N/A       99%         4
 Arcjolt                  Conj/Air       0%         1d10      100%        5
 Summon Mana Viper        Hex/Summ       1%         N/A       100%        5
 Plasma Beam              Fire/Air       0%         2x1d10    100%        6
 Monstrous Menagerie      Summ           0%         N/A       100%        7

Inventory:

Hand Weapons
 i - a +2 dagger of venom (weapon)
Armour
 k - a +0 chain mail (worn)
Jewellery
 h - an amulet of magic regeneration (around neck)
Scrolls
 c - 2 scrolls of teleportation {unknown}
 e - 3 scrolls of noise {unknown}
 j - a scroll of immolation {unknown}
 m - a scroll of vulnerability {unknown}
 p - a scroll of poison {unknown}
 r - a scroll of acquirement {unknown}
Potions
 a - 4 potions of curing {unknown}
 b - 3 potions of magic
 d - 2 potions of brilliance {unknown}
 f - a potion of enlightenment {unknown}
 g - a potion of resistance {unknown}
 l - a potion of heal wounds {unknown}
 n - a potion of degeneration {unknown}
 o - 3 potions of mutation {unknown}
 q - a potion of cancellation {unknown}

Dungeon Overview and Level Annotations

Branches:
Dungeon (4/15)
 Temple: D:4-7

Altars:

Shops:
D:3 (

Annotations:
D:2 1 runed translucent door, Crazy Yiuf
D:3 3 runed translucent doors, Vadun's ghost, amateur MDMo
D:4 Menkaure

#####.####### #..#
#(## #.### #.#.##
#....####.........#
#.......+.........+
#.M..####.........
##.#@## .......
#..### ..... #.##
.M. #.# #'# #.#
#######.## #.#
#.....M..# #.#
#.#####..# #.# #.#
##...##
#.######.###.....#


You could see Menkaure (fast).


Message History

You hit Menkaure.
Menkaure is moderately damaged.
Menkaure hits you!
You hit Menkaure but do no damage.
Menkaure is moderately damaged.
Menkaure barely misses you.
Unknown command.
You barely miss Menkaure.
Menkaure is moderately damaged.
Menkaure hits you.
You hit Menkaure.
Menkaure is heavily damaged.
Menkaure hits you.
* * * LOW HITPOINT WARNING * * *
Menkaure closely misses you.
You hit Menkaure.
Menkaure is severely damaged.
Menkaure barely misses you.
You closely miss Menkaure.
Menkaure is severely damaged.
Menkaure forgets how to speak, silenced by the ages.
Menkaure hits you but does no damage.
You hit Menkaure but do no damage.
Menkaure is severely damaged.
Menkaure hits you!
* * * LOW HITPOINT WARNING * * *
You hit Menkaure.
Menkaure is severely damaged.
Menkaure hits you!
You die...

Skill      XL: |  1  2  3  4  5 |
---------------+----------------+-----
Fighting       | 1 2 3 4 |  4.3
Necromancy     | 5 6 |  6.3
Dodging        | |  1.3
Stealth        | |  1.4
Spellcasting   | |  1.7

Action                     |  1- 3 |  4- 6 || total
---------------------------+-------+-------++-------
  Melee: Unarmed           |    12 |       ||    12
         Dagger            |       |    11 ||    11
   Cast: Necrotise         |    71 |    99 ||   170
 Armour: Robe              |     9 |       ||     9
         Scale mail        |     3 |       ||     3
         Chain mail        |    20 |    59 ||    79
         Skin              |     1 |       ||     1
  Dodge: Dodged            |    14 |    20 ||    34

Levels and vault maps discovered:
D:1:      dpeg_arrival_more_subterranean_lakeside_camping, layout_loops_corners,
          minmay_tree_intersection
D:2:      layout_loops_ring, uniq_crazy_yiuf_cottage
D:3:      layout_basic, gammafunk_ghost_nasty_kobolds, serial_shops,
          nicolae_shop_back_alley_shop
D:4:      layout_loops_corners, lemuel_round_altar,
          nicolae_elyvilon_peaceful_grove, uniq_edmund, uniq_menkaure

Notes
Turn   | Place    | Note
-------+----------+-------------------------------------------
     0 | D:1      | cforsyth the Mountain Dwarf Necromancer began the quest for
                  | the Orb.
     0 | D:1      | Reached XP level 1. HP: 14/14 MP: 3/3
   267 | D:1      | Reached skill level 1 in Fighting
   417 | D:1      | Reached XP level 2. HP: 23/23 MP: 0/4
  1205 | D:2      | Reached skill level 2 in Fighting
  1208 | D:2      | Reached skill level 5 in Necromancy
  1208 | D:2      | Reached XP level 3. HP: 29/29 MP: 3/5
  1639 | D:2      | Reached XP level 4. HP: 37/37 MP: 4/6
  1710 | D:2      | Found a runed translucent door.
  1711 | D:2      | Noticed Crazy Yiuf
  1922 | D:3      | Reached skill level 3 in Fighting
  2209 | D:3      | Found a runed translucent gate.
  2210 | D:3      | Noticed Vadun's ghost (amateur MDMo)
  2210 | D:3      | Noticed a kobold brigand
  2211 | D:3      | Found a runed translucent gate.
  2212 | D:3      | Found a runed translucent gate.
  2273 | D:3      | Reached XP level 5. HP: 45/45 MP: 4/7
  2595 | D:2      | Reached skill level 6 in Necromancy
  2861 | D:3      | Reached skill level 4 in Fighting
  2968 | D:3      | Found Pafomoe's Weapon Shop.
  3378 | D:4      | Noticed a phantom
  3661 | D:4      | Noticed Menkaure
  3706 | D:4      | Mangled by Menkaure

Vanquished Creatures
  2 orc wizards (D:3)
  5 adders
  6 gnolls
  2 dart slugs
  A ribbon worm (D:3)
  2 orcs (D:3)
  3 ball pythons (D:3)
  9 endoplasms
  3 giant cockroaches
  5 hobgoblins
  7 jackals (D:3)
  7 kobolds
  5 quokkas
  5 frilled lizards
  6 goblins
  7 rats
75 creatures vanquished.

Vanquished Creatures (collateral kills)
  An orc (D:3)
  An endoplasm (D:2)
  A hobgoblin (D:3)
3 creatures vanquished.

Grand Total: 78 creatures vanquished

Table legend: (Time is in decaauts)
 A = Elapsed time spent in this place.
 B = Non-inter-level travel time spent in this place.
 C = Inter-level travel time spent in this place.
 D = Time resting spent in this place.
 E = Time spent auto-exploring this place.
 F = Levels seen in this place.
 G = Mean time per level.
                   A        B        C        D        E       F      G
               +--------+--------+--------+--------+--------+-----+--------+
         Total |   3710 |   3615 |     95 |    164 |   2708 |   4 |  927.5 |
       Dungeon |   3710 |   3615 |     95 |    164 |   2708 |   4 |  927.5 |
               +--------+--------+--------+--------+--------+-----+--------+

Top non-repeatable levels by time:
     D:1: 1128 daAuts
     D:3: 1068 daAuts
     D:2: 965 daAuts
     D:4: 547 daAuts

Table legend:
 A = Non-vault XP
 B = Vault XP
 C = Vault XP percentage of total XP
 D = Non-vault monster count
 E = Vault monster count
 F = Vault count percentage of total count
                 A         B        C        D         E       F
            +---------+---------+-------+---------+---------+-------
      Total |     343 |       0 |   0.0 |      78 |       0 |   0.0
            +---------+---------+-------+---------+---------+-------
        D:1 |      27 |       0 |   0.0 |      15 |       0 |   0.0
        D:2 |      88 |       0 |   0.0 |      23 |       0 |   0.0
        D:3 |     165 |       0 |   0.0 |      32 |       0 |   0.0
        D:4 |      63 |       0 |   0.0 |       8 |       0 |   0.0
            +---------+---------+-------+---------+---------+-------
